 Dungeon Crawl Stone Soup version 0.29-a0-364-g921d912d32 (webtiles) character file.

Game seed: 119910557144058786

158 RandomusNamus the Insei (level 5, -2/34 HPs)
             Began as an Octopode Transmuter on May 1, 2022.
             Slain by an orc
             ... wielding a +0 flail
              (4 damage)
             ... on level 3 of the Dungeon.
             The game lasted 00:03:21 (3345 turns).

RandomusNamus the Insei (Octopode Transmuter)       Turns: 3345, Time: 00:03:21

Health: -2/34      AC:  1    Str: 10    XL:     5   Next: 40%
Magic:  8/8        EV: 13    Int: 17    God:
Gold:   141        SH:  0    Dex: 12    Spells: 8/9 levels left

rFire   . . .      SeeInvis .     - Unarmed
rCold   . . .      Faith    .   (no shield)
rNeg    . . .      Spirit   .   (helmet restricted)
rPois   .          Reflect  .   (no amulet)
rElec   .          Harm     .   j - ring of resist corrosion
rCorr   +          Rampage  .   F - ring of flight {+Fly, !d}
Will    .....                   (no ring)
Stlth   +++.......              (no ring)
HPRegen 0.11/turn               (no ring)
MPRegen 0.11/turn               (no ring)
                                (no ring)
                                (no ring)

@: flying
A: almost no armour, amphibious, 8 rings, camouflage 1, gelatinous body 1,
(nimble swimmer 1), tentacles
a: no special abilities


You were on level 3 of the Dungeon.
You visited 1 branch of the dungeon, and saw 3 of its levels.

You collected 141 gold pieces.


Innate Abilities, Weirdness & Mutations

You cannot wear most types of armour.
You are amphibious.
You can wear up to eight rings at the same time.
Your skin changes colour to match your surroundings (Stealth+).
Your rubbery body absorbs attacks. (AC +1, EV +1)
((You are camouflaged when in or above water. (Stealth+)))
You have tentacles for arms and can constrict up to eight enemies at once.


   Skills:
 + Level 1.9 Fighting
 + Level 2.7 Dodging
 + Level 2.3 Stealth
 + Level 3.5 Unarmed Combat
 + Level 2.5 Spellcasting
 * Level 3.4 Transmutations


You had 8 spell levels left.
You knew the following spells:

 Your Spells              Type           Power      Damage    Failure   Level
a - Beastly Appendage     Tmut           26%        N/A       4%          1

Your spell library contained the following spells:

 Spells                   Type           Power      Damage    Failure   Level
 Wereblood                Tmut           13%        N/A       7%          2
 Spider Form              Tmut/Pois      7%         N/A       26%         3
 Gell's Gravitas          Tloc           2%         N/A       50%         3
 Teleport Other           Tloc           2%         N/A       50%         3
 Ice Form                 Ice/Tmut       7%         N/A       65%         4
 Dispersal                Tloc           1%         N/A       100%        6

Inventory:

Hand Weapons
 c - a +1 dagger of venom
   (You took it off a kobold on level 1 of the Dungeon)
Missiles
 k - a curare-tipped dart
Armour
 f - the +1 Delatra's gloves {ID++}
   (You found it on level 2 of the Dungeon)

   It heals its wearer when they drink unknown potions.
   It restores its wearer's MP when they read unknown scrolls.
Magical Staves
 d - a staff of air {rElec}
   (You found it on level 2 of the Dungeon)
Jewellery
 j - a ring of resist corrosion (left tentacle)
   (You found it on level 3 of the Dungeon)
 l - a +6 ring of intelligence
   (You found it on level 3 of the Dungeon)
 F - a ring of flight (right tentacle) {+Fly, !d}
   (You found it on level 2 of the Dungeon)
Scrolls
 b - 2 scrolls of identify {!r, unknown}
 g - 2 scrolls of silence {!r, unknown}
Potions
 a - a potion of lignification {!q}
 e - 5 potions of curing {unknown}
 h - a potion of ambrosia {unknown}
 i - a potion of flight {unknown}

Dungeon Overview and Level Annotations

Branches:
Dungeon (3/15)

Altars:
Makhleb

Shops:
D:2

[ #.# #.# ## #@###
#.# ###. #.o.#
#.######...
#...)o.##>.........
.....###.#########.##
#.#.#.#O o. #.##
#.... # ## #.## ##.#.
##.## ##.# #.... .
#.##.#.. #.......
######.# #.# #.# #.#
#.# #..


You could see an ogre (wandering), an orc priest and 2 orcs.


Message History

* * * LOW HITPOINT WARNIN'
* * * Huge Butt: -17%(-5hp) hp: 58%(16hp) Ye thrash tha kobold brigand!
Ye squeeze tha kobold brigand!!!
Tha kobold brigand be heavily wounded!
Ye constrict tha kobold brigand!
Tha kobold brigand hits ye wit' a +0 short sword!
* * * LOW HITPOINT WARNIN'
* * * Huge Dmg: -22%(-6hp) hp: 36%(10hp) Ye thrash tha kobold butt!
Ye squeeze tha kobold brigand!
Tha kobold brigand be almost dead!
Ye constrict tha kobold brigand!
Unknown command!
Ye barely miss tha kobold brigand!
Ye pierce tha kobold brigand!
Tha kobold brigand be almost dead!
Ye constrict tha kobold brigand!
Ye annihilate tha kobold brigand!!!
Yer Stealth skill increases ta level 2!!!
Butt's Transmutations skill increases ta level 3!!!
Ye haf reached level 5!!!
Ye feel stronger!
Thin's tha be 'ere: a +0 short sword; a curare-tipped dart Unknown command!
Thin's tha be 'ere: a +0 short sword; a curare-tipped dart Ye start restin'!
Yer transformation be almost o'er!
Magic restored!
Unknown command!
Thin's tha be 'ere: a +0 short sword; a curare-tipped dart
k - a curare-tipped dart A ball python comes inta view!
Unknown command!
Unknown command!
Ye be too injured ta fight recklessly!!!
Unknown command!
Ye be too injured ta fight recklessly!!!
Unknown command!
Ye be too injured ta fight recklessly!!!
Unknown command!
Ye be too injured ta fight recklessly!!!
Unknown command!
Unknown command!
Ye be too injured ta fight recklessly!!!
Unknown command!
Unknown command!
Unknown command!
Tha ball python hisses angrily!
Unknown command!
Tha ball python bites ye!
* * * LOW HITPOINT WARNIN'
* * * Tha ball python grabs ye!
Tha ball python butts ye!
* * * LOW HITPOINT WARNIN'
* * * Thar be a stone staircase leadin' down 'ere!
Damage: -9%(-3hp) hp: 36%(12hp) Ye thrash tha ball python!!!
Ye annihilate tha ball python!!!
Unknown command!
Yer tentacle spike disappears!
Unknown command!
Ye start restin'!
A hobgoblin comes inta view!
Unknown command!
Unknown command!
Unknown command!
Found 2 fizzy white potions!
Tha hobgoblin shouts!!!
Tha hobgoblin closely misses ye!
Ye thrash tha hobgoblin!
Ye annihilate tha hobgoblin!!!
Unknown command!
e - 3 fizzy white potions (gain'd 1) Unknown command!
Unknown command!
e - 5 fizzy white potions (gain'd 2) Unknown command!
Found a stone staircase leadin' down!
Unknown command!
Found a burnin' altar o' Makhleb!
Unknown command!
An endoplasm comes inta view!
An endoplasm be nearby!!!
Unknown command!
An endoplasm be nearby!!!
Unknown command!
An endoplasm be nearby!!!
Unknown command!
An endoplasm be nearby!!!
Unknown command!
Unknown command!
Unknown command!
An endoplasm be nearby!!!
Tha helpless endoplasm fails ta defend itself!
Ye thrash tha endoplasm!
Yer squeeze misses tha endoplasm!
Tha endoplasm be lightly wounded!
Tha endoplasm freezes ye!
Ye be froz'n!
Damage: -8%(-3hp) hp: 92%(31hp) Unknown command!
An endoplasm be nearby!!!
Ye thrash tha endoplasm!
Ye squeeze tha endoplasm!
Ye annihilate tha endoplasm!!!
Unknown command!
Key pressed, stoppin' 'splore!
Nay target in view!!!
Unknown command!
Nay target in butt!!!
HP restored!
Found a stone staircase leadin' down!
Nay target in view!!!
Unknown command!
l - a +6 rin' o' intelligence Nay target in view!!!
Unknown command!
Thar be a stone staircase leadin' down 'ere!
Ye now haf 119 gold pieces (gain'd 17)!
A giant cockroach comes inta view!
A giant cockroach be nearby!!!
Tha giant cockroach barely misses ye!
Unknown command!
A giant cockroach be nearby!!!
Ye thrash tha giant cockroach!
Ye annihilate tha giant cockroach!!!
Unknown command!
Key pressed, stoppin' 'splore!
Nay target in view!!!
Unknown command!
Nay target in view!!!
Ye see 'ere a giant cockroach corpse!
Thar be a stone staircase leadin' up 'ere!
Found an 'scape hatch in tha ceilin'!
Unknown command!
Nay target in view!!!
Thar be an 'scape hatch in tha ceilin' 'ere!
Ye now haf 125 gold pieces (gain'd 6)!
Ye now butt 132 gold pieces (gain'd 7)!
Found an 'scape hatch in tha floor!
Nay target in view!!!
Unknown command!
Thar be an 'scape hatch in tha floor 'ere!
Ye now haf 141 gold pieces (gain'd 9)!
An orc priest comes inta view!
It be wieldin' a +0 dagger!
An orc priest be nearby!!! 2 orcs come inta view!
Thar be monsters nearby!!!
Unknown command!
Thar be monsters nearby!!!
Tha helpless orc priest fails ta defend itself!
Ye thrash tha orc priest!
Yer grab misses tha orc priest!
Tha orc priest be lightly wounded!
Tha orc priest hits ye wit' a +0 dagger!
Damage: -8%(-3hp) hp: 92%(31hp) Unknown command!
Thar be monsters nearby!!!
Ye thrash tha orc priest!
Ye grab tha orc priest!
Ye squeeze tha orc priest!
Tha orc priest be severely wounded!
Ye constrict tha orc priest!
Tha orc priest miscasts a cantrip!
Tha orc misses ye!
Unknown command!
Ye thrash tha orc priest!
Ye annihilate tha orc priest!!!
Tha orc hits ye wit' a +0 flail!!!
Huge Dmg: -21%(-7hp) hp: 71%(24hp) Ye thrash tha orc but do nay damage!
Yer grab misses tha orc!
Tha orc closely misses ye!
Thar be monsters nearby!!!
Ye barely miss tha orc!
Yer butt misses tha orc!
Tha butt shouts!!!
Tha orc barely misses ye!
An orc priest comes inta view!
It be wieldin' a +0 flail!
Unknown command!
Ye thrash tha orc but do nay damage!
Yer grab misses tha orc!
Tha orc priest invokes tha aid o' Beogh against ye!
Beogh smites ye!!!
* * * LOW HITPOINT WARNIN'
* * * Tha orc closely misses ye!
Huge Dmg: -44%(-15hp) hp: 27%(9hp) Thar be monsters nearby!!!
Ye be too injured ta fight recklessly!!!
Unknown command!
Thar be monsters nearby!!!
Ye be too injured ta fight recklessly!!!
Unknown command!
Thar be monsters nearby!!!
Ye be too injured ta fight recklessly!!!
Unknown command!
Unknown command!
Unknown command!
Unknown command!
Unknown command!
Tha orc attacks as ye move away!!!
Tha orc hits ye wit' a +0 flail!!!
* * * LOW HITPOINT WARNIN'
* * * An ogre comes inta view!
It be wieldin' a +0 giant club!
Huge Dmg: -21%(-7hp) hp: 6%(2hp) Unknown command!
Tha orc attacks as ye move away!!!
Tha orc hits ye wit' a +0 flail!
Ye die!!!

Levels and vault maps discovered:
D:1:      lemuel_arrival_river_ford, layout_rooms,
          shapermc_ecumenical_altar_venn
D:2:      layout_basic, serial_shops, nicolae_shop_overgrown_old_shop
D:3:      minmay_diamond_boxcup, layout_loops_ring,
          mainiacjoe_overflow_tiny_flanked

Notes
Turn   | Place    | Note
-------+----------+-------------------------------------------
     0 | D:1      | RandomusNamus the Octopode Transmuter began the quest for
                  | the Orb.
     0 | D:1      | Reached XP level 1. HP: 13/13 MP: 3/3
   168 | D:1      | Reached XP level 2. HP: 18/18 MP: 5/5
   393 | D:1      | Found a faded altar of an unknown god.
   471 | D:1      | Reached skill level 1 in Stealth
   903 | D:1      | Reached XP level 3. HP: 22/23 MP: 6/6
  1384 | D:2      | Found the +1 Delatra's gloves {ID++}
  1421 | D:2      | Found Casm's Antique Armour Emporium.
  2759 | D:3      | Reached XP level 4. HP: 22/28 MP: 5/7
  2811 | D:3      | Noticed a kobold brigand
  2895 | D:3      | Killed a kobold brigand
  2896 | D:3      | Reached XP level 5. HP: 13/34 MP: 6/8
  3117 | D:3      | Found a burning altar of Makhleb.
  3344 | D:3      | Noticed an ogre
  3345 | D:3      | Slain by an orc

Vanquished Creatures
  A kobold brigand (D:3)
  An orc priest (D:3)
  2 adders (D:2)
  2 dart slugs (D:1)
  7 ball pythons
  2 endoplasms
  A giant cockroach (D:3)
  4 hobgoblins
  4 jackals (D:3)
  3 quokkas
  6 bats
  A frilled lizard (D:3)
  3 goblins
  2 kobolds (D:1)
  A rat (D:1)
40 creatures vanquished.

Action                   |  1- 3 |  4- 6 || total
-------------------------+-------+-------++-------
Melee: Unarmed           |    71 |    21 ||    92
       Constrict         |    22 |     4 ||    26
       Tentacles         |    15 |     4 ||    19
       Kick              |     3 |     2 ||     5
 Cast: Beastly Appendage |     4 |     1 ||     5
 Stab: Sleeping          |     7 |     2 ||     9
Armor: Skin              |     8 |       ||     8
Dodge: Dodged            |    62 |    11 ||    73
